Description

14 Pylon

16 Gate

17 Gas

Chrono Nexus

19 Nexus

20 Cyber

21 Gas

22 Pylon

@100% Cyber --> Stalker [Chrono] + WG

27 Roboe

Chrono Nexus

@100% Stalker --> 2nd Stalker

@100% 2nd Stalker --> Sentry

@100% Robo --> Obs [Chrono]

Save all Chrono from now on for +1 Attack/Glaives

40 2x Gate

44 Pylon + 3rd Gas

@100% Obs --> 2nd Obs

3:50 Twilight Council + Forge

50 Pylon

@100% 2nd Obs --> Immortal

58 Pylon

2x Stalker if necessary

Stop @45 Probes

@100% Forge + Twilight --> +1 Attack [4x Chrono] + Glaives [2x Chrono]

4:45 3rd Nexus

@100% Immortal --> Warp Prism

5:00 5x Gate

64 Few extra pylons

Constant adept warp ins

Hit @6:15 @100% +1 Attack + Glaives w/ 4 stalkers, 1 Sentry, 1

Immortal, 11-14 Adepts

Build Order

Get SALT Encoding   

  14  0:20  Pylon  
  16  0:40  Gateway  
  17  1:00  Assimilator  
  19  1:20  Nexus  
  20  1:40  Cybernetics Core  
  21  2:00  Assimilator  
  22  2:20  Pylon  stalker > stalker > sentry
  27  2:40  Robotics Facility  2x obs
  40  3:00  Gateway  
  40  3:20  Gateway  
  44  3:40  Pylon  3rd Gas
  47  3:50  Twilight Council  +forge
  47  3:51  Forge  
  58  4:20  Pylon  maybe 2 stalker / stop 45 probes
  60  4:45  Pylon  +1 attack + glaives
  62  5:00  Nexus  
  64  5:10  Gateway x5  Few extra + adept warp ins
  68  5:30  Probe  Immo > Warpprism
  70  5:50  Adept  11-14 adept attack
  71  5:51  Action  
  72  5:52  Action  
  73  5:53  Action  
Spawning Tool Build Advisor. Get it on Overwolf

Go to:

Details

  • Created by: eXon
  • Published on: Apr 20, 2018
  • Modified on: Apr 21, 2018
  • Patch: 4.0.0
Show
View Real Time Build Order
Export as new Build Order

Comments (0)

There are no comments. Be the first!

Create an account to comment!